 Dungeon Crawl Stone Soup version 0.23-a0-307-gc3b755d (webtiles) character file.

471 iamserjio the Magician (level 6, -2/32 HPs)
             Began as a Deep Elf Wanderer on Oct 10, 2018.
             Slain by Pikel
             ... wielding a +0 whip of flaming
              (6 damage)
             ... on level 4 of the Dungeon.
             The game lasted 00:14:18 (1462 turns).

iamserjio the Magician (Deep Elf Wanderer)          Turns: 1462, Time: 00:14:19

Health: -2/32      AC:  3    Str:  9    XL:     6   Next: 83%
Magic:  16/16      EV: 13    Int: 17    God:
Gold:   217        SH:  0    Dex: 16    Spells: 10/15 levels left

rFire    . . .     SeeInvis .   a - +0 dagger
rCold    . . .     Gourm    .   (no shield)
rNeg     + . .     Faith    .   e - +0 robe
rPois    .         Spirit   .   (no helmet)
rElec    .         Reflect  .   x - scarf {repulsion}
rCorr    .         Harm     .   i - +0 pair of gloves
MR       .....     Rnd*Tele +   (no boots)
Stlth    +.........             (no amulet)
HPRegen  0.10/turn              y - ring of teleportation (curse)
MPRegen  0.15/turn              r - ring of positive energy

@: about to teleport, repel missiles
A: no striking features
a: no special abilities


You were on level 4 of the Dungeon.
You were hungry.

You visited 1 branch of the dungeon, and saw 4 of its levels.
You also visited: Ossuary.

You collected 217 gold pieces.

Inventory:

Hand Weapons
 a - a +0 dagger (weapon)
 d - a +0 blowgun
 t - a +0 hunting sling
 v - a +0 spear
Missiles
 c - 38 poisoned needles
 l - 65 arrows
 u - 20 stones (quivered)
 w - 7 curare-tipped needles {!f}
Armour
 e - a +0 robe (worn)
 i - a +0 pair of gloves (worn)
 x - a scarf of repulsion (worn)
Jewellery
 r - a ring of positive energy (right hand)
 y - a cursed ring of teleportation (left hand)
Wands
 s - a wand of disintegration (5)
Scrolls
 g - a scroll of amnesia {unknown}
 h - a scroll of random uselessness {unknown}
 n - a scroll of enchant armour {unknown}
 o - a scroll of remove curse {unknown}
 A - a scroll of identify {unknown}
 B - a scroll of teleportation
 C - 2 scrolls of fog
Potions
 b - 3 potions of haste {unknown}
 j - a potion of brilliance {unknown}
 k - a potion of magic {unknown}
 m - a potion of ambrosia {unknown}
 p - 3 potions of heal wounds {unknown}
 q - 2 potions of lignification {unknown}
 z - 2 potions of curing {unknown}
Comestibles
 f - 4 rations


   Skills:
 - Level 2.0 Throwing
 + Level 2.7 Dodging
 + Level 5.4 Spellcasting
 + Level 5.2 Conjurations
 * Level 4.0 Air Magic
   Level 1.1 Earth Magic
   Level 2.1 Poison Magic


You had 10 spell levels left.
You knew the following spells:

 Your Spells              Type           Power        Failure   Level  Hunger
a - Shock                 Conj/Air       ###.         1%          1    None
b - Airstrike             Air            ###.......   26%         4    ####...

Your spell library contained the following spells:

 Spells                   Type           Power        Failure   Level  Hunger
 Poisonous Vapours        Pois/Air       ###...       5%          2    #......
 Static Discharge         Conj/Air       ###.....     6%          3    ##.....
 Swiftness                Chrm/Air       ##......     9%          2    #......
 Lightning Bolt           Conj/Air       ###.......   50%         5    ######.


Dungeon Overview and Level Annotations

Branches:
Dungeon (4/15)
 Temple: D:4-7

Altars:
Fedhas
Okawaru
Ru

Annotations:
D:4 Pikel


Message History

B - 2 scrolls labeled IHOHEMIUL
C - 2 scrolls labeled JEJEC SYDA
C - 3 scrolls labeled JEJEC SYDA (gained 1)
There is an open door here.
There is a gate leading back out of this place here.
Put on which piece of jewellery? (? for menu, Esc to quit)
Okay, then.
As you read the scroll labeled JEJEC SYDA, it crumbles to dust.
The scroll dissolves into smoke.
It was a scroll of fog.
As you read the scroll labeled IHOHEMIUL, it crumbles to dust.
You feel strangely unstable.
It was a scroll of teleportation.
Welcome back to the Dungeon!
Level annotation: Pikel The slave hits you but does no damage.
Pikel hits you with a whip of flaming. Pikel burns you. The slave hits you.
* * * LOW HITPOINT WARNING * * *
The slave hits you but does no damage. The slave barely misses you. x2
Pikel hits you with a whip of flaming.
You die...

.. #####........ #.
.....>.......
###.########...#####
.......####...#
#............#
####.###.....###
#..8..##.....######
#.Kp..............#
#8.@p8...###......#
#..pp.............#
#..8....?##.......#
#........##<#######
##.#.PPP.####
#.#....P# #...P_PP#
#..P.PPP#


You could see Pikel and 4 slaves.

Vanquished Creatures
  Menkaure (D:4)
  A human zombie (Ossuary)
  An orc wizard (D:3)
  Ijyb (D:3)
  Natasha (twice) (D:2)
  A big kobold zombie (Ossuary)
  4 mummies (Ossuary)
  3 gnolls (D:3)
  5 adders
  2 adder zombies (Ossuary)
  2 worms
  4 dart slugs
  3 leopard geckos
  2 orcs (D:3)
  2 giant cockroaches (D:1)
  2 gnoll zombies (Ossuary)
  3 hobgoblins
  A quokka (D:3)
  6 bats
  A frilled lizard (D:1)
  6 goblins
  A goblin zombie (Ossuary)
  A jackal zombie (Ossuary)
  6 kobolds
  2 orc zombies (Ossuary)
  5 rats
  2 rat zombies (Ossuary)
70 creatures vanquished.

Vanquished Creatures (others)
  2 fungi (D:4)
2 creatures vanquished.

Grand Total: 72 creatures vanquished

Notes
Turn   | Place    | Note
-------+----------+-------------------------------------------
     0 | D:1      | iamserjio the Deep Elf Wanderer began the quest for the
                  | Orb.
     0 | D:1      | iamserjio set off with: 11 poisoned needles, a +0 blowgun,
                  | a +0 robe, a ration
     0 | D:1      | Reached XP level 1. HP: 10/10 MP: 6/6
     2 | D:1      | Learned a level 1 spell: Shock
    65 | D:1      | Reached skill level 1 in Conjurations
   103 | D:1      | Reached XP level 2. HP: 10/15 MP: 2/8
   485 | D:2      | Noticed Natasha
   493 | D:2      | Noticed a crimson imp
   493 | D:2      | Killed Natasha
   493 | D:2      | Reached XP level 3. HP: 19/19 MP: 5/10
   593 | D:2      | Reached XP level 4. HP: 14/24 MP: 1/12
   598 | D:2      | Found an iron altar of Okawaru.
   634 | D:2      | Noticed Natasha
   640 | D:2      | Killed Natasha
   750 | D:2      | Learned a level 4 spell: Airstrike
   751 | D:3      | Noticed an ogre
   834 | D:3      | Noticed Ijyb
   847 | D:3      | Killed Ijyb
   847 | D:3      | Reached XP level 5. HP: 21/28 MP: 3/13
   863 | D:3      | Found a sacrificial altar of Ru.
   972 | D:3      | Reached skill level 1 in Dodging
  1164 | D:4      | Noticed Menkaure
  1167 | D:4      | Killed Menkaure
  1167 | D:4      | Reached skill level 5 in Spellcasting
  1167 | D:4      | Reached skill level 5 in Conjurations
  1167 | D:4      | Reached XP level 6. HP: 12/32 MP: 3/15
  1168 | D:4      | Noticed Pikel
  1168 | D:4      | Noticed a slave
  1168 | D:4      | Noticed a slave
  1169 | D:4      | Noticed a slave
  1169 | D:4      | Noticed a slave
  1229 | D:4      | Found a sand-covered staircase.
  1230 | D:4      | Found a blossoming altar of Fedhas.
  1236 | Ossuary  | Entered an ossuary
  1462 | D:4      | Slain by Pikel

Vault maps used:
D:1:      erik_arrival_gehennom
D:2:      old_standard_altar, uniq_natasha
D:3:      nicolae_ru_sacrificial_ziggurat, uniq_crazy_yiuf_cottage, uniq_ijyb
D:4:      corexii_shantytown, old_standard_altar,
          nicolae_ossuary_entry_monument, fedhas_altar_3, uniq_menkaure,
          uniq_pikel
Ossuary:  ossuary_minmay_tomb_2a

Skill      XL: |  1  2  3  4  5  6 |
---------------+-------------------+-----
Conjurations   | 1 2 3 4 5 |  5.2
Spellcasting   | 4 5 |  5.4
Dodging        | 2 |  2.7
Air Magic      | 4 |  4.0
Throwing       | |  2.0
Earth Magic    | |  1.1
Poison Magic   | |  2.1

Action                   |  1- 3 |  4- 6 || total
-------------------------+-------+-------++-------
Melee: Dagger            |    11 |    17 ||    28
 Fire: Blowgun           |    17 |       ||    17
 Cast: Shock             |    43 |    92 ||   135
Evoke: Wand              |       |    16 ||    16
  Use: Scroll            |       |     2 ||     2
 Stab: Sleeping          |       |     1 ||     1
  Eat: Chunk             |       |     1 ||     1
Armor: Robe              |    14 |    16 ||    30
Dodge: Dodged            |    24 |    36 ||    60
       Deflected         |       |     2 ||     2

Table legend:
 A = Non-vault XP
 B = Vault XP
 C = Vault XP percentage of total XP
 D = Non-vault monster count
 E = Vault monster count
 F = Vault count percentage of total count
                 A         B        C        D         E       F
            +---------+---------+-------+---------+---------+-------
      Total |     262 |     412 |  61.1 |      47 |      23 |  32.9
            +---------+---------+-------+---------+---------+-------
        D:1 |      24 |       3 |  11.1 |      13 |       3 |  18.8
        D:2 |      81 |      35 |  30.2 |      12 |       1 |   7.7
        D:3 |     157 |      36 |  18.7 |      22 |       1 |   4.3
        D:4 |       0 |     174 | 100.0 |       0 |       2 | 100.0
    Ossuary |       0 |     164 | 100.0 |       0 |      16 | 100.0
            +---------+---------+-------+---------+---------+-------
